TOP OF THE 1ST |
Quincy Doughboys batting - Pitching for Monroe Mallards : RHP Héctor Gonzáles
|
Pitching: RHP Héctor Gonzáles
|
|
Batting: RHB Jorge Chávez
|
0-0: Ball 1-0: SOLO HOME RUN (Flyball, 89XD), Distance : 387 ft
|
Batting: RHB Miguel Medina
|
0-0: Swinging Strike 0-1: Ball 1-1: Ball 2-1: Swinging Strike 2-2: Strikes out swinging
|
Batting: LHB Marv Gardner
|
0-0: SINGLE (Groundball, 4MD)
|
Batting: LHB Alberto Castellanos
|
0-0: Ball 1-0: Fielders Choice at 2nd, 1-6 (Groundball, P)
|
Batting: LHB Seth Sullivan
|
0-0: Called Strike 0-1: SINGLE (Flyball, 8RS) Alberto Castellanos to second
|
Batting: RHB Vicente Barajas
|
0-0: Ball 1-0: Swinging Strike 1-1: Ball 2-1: Fielders Choice at 2nd, U6 (Groundball, 6M)
|
Top of the 1st over - 1 run(s), 3 hit(s), 0 error(s), 2 left on base; Quincy 1 - Monroe 0 |
BOTTOM OF THE 1ST |
Monroe Mallards batting - Pitching for Quincy Doughboys : RHP Manuel Castro
|
Pitching: RHP Manuel Castro
|
|
Batting: RHB Ricardo López
|
0-0: Ball 1-0: Foul Ball, location: 2F 1-1: Called Strike 1-2: Foul Ball, location: 2F 1-2: Ball 2-2: Ball 3-2: Strikes out swinging
|
Batting: RHB Roberto Sánchez
|
0-0: Ground out 4-3 (Groundball, 34)
|
Batting: RHB Dave Sawyer
|
0-0: Ground out 6-3 (Groundball, 6)
|
Bottom of the 1st over - 0 run(s), 0 hit(s), 0 error(s), 0 left on base; Quincy 1 - Monroe 0 |
TOP OF THE 2ND |
Quincy Doughboys batting - Pitching for Monroe Mallards : RHP Héctor Gonzáles
|
Batting: LHB Mario Álvarez
|
0-0: Ground out U3 (Groundball, 34)
|
Batting: RHB Domingo Laydón
|
0-0: Foul Ball, location: 2F 0-1: Ball 1-1: Foul Ball, location: 2F 1-2: Strikes out looking
|
Batting: RHB Henry Haines
|
0-0: Ball 1-0: Foul Ball, location: 2F 1-1: Swinging Strike 1-2: Hit by Pitch
|
Batting: RHB Jorge Chávez
|
0-0: Ball 1-0: Called Strike 1-1: Swinging Strike 1-2: Ball 2-2: Ball 3-2: Base on Balls Henry Haines to second
|
Batting: RHB Miguel Medina
|
0-0: Ball 1-0: Ball 2-0: Fly out, F3 (Flyball, 3D)
|
Top of the 2nd over - 0 run(s), 0 hit(s), 0 error(s), 2 left on base; Quincy 1 - Monroe 0 |
BOTTOM OF THE 2ND |
Monroe Mallards batting - Pitching for Quincy Doughboys : RHP Manuel Castro
|
Batting: LHB Allen Boyd
|
0-0: Ball 1-0: Called Strike 1-1: Ball 2-1: Foul Ball, location: 2F 2-2: Ball 3-2: Base on Balls
|
Batting: RHB Stephen Black
|
0-0: Ground out U3 (Groundball, 34) Allen Boyd to second
|
Batting: RHB Rafael Crus
|
0-0: Fly out, F8 (Flyball, 8LM)
|
Batting: RHB Terry Dalton
|
0-0: Swinging Strike 0-1: Foul Ball, location: 2F 0-2: Ball 1-2: Foul Ball, location: 2F 1-2: Ground out 6-3 (Groundball, 6)
|
Bottom of the 2nd over - 0 run(s), 0 hit(s), 0 error(s), 1 left on base; Quincy 1 - Monroe 0 |
BOTTOM OF THE 3RD |
Monroe Mallards batting - Pitching for Quincy Doughboys : RHP Manuel Castro
|
Batting: SHB Richie Gallegos
|
0-0: Ball 1-0: Ball 2-0: Ground out U3 (Groundball, 3)
|
Batting: LHB Ramón Chávez
|
0-0: Ball 1-0: Called Strike 1-1: Ball 2-1: Ball 3-1: SINGLE (Groundball, 6MD)
|
Batting: RHB Ricardo López
|
0-0: Ball 1-0: Called Strike 1-1: Swinging Strike 1-2: Ball 2-2: Ball 3-2: Foul Ball, location: 2F 3-2: Strikes out looking
|
Batting: RHB Roberto Sánchez
|
0-0: Swinging Strike 0-1: Fielders Choice at 2nd, 4-6 (Groundball, 4)
|
Bottom of the 3rd over - 0 run(s), 1 hit(s), 0 error(s), 0 left on base; Quincy 2 - Monroe 0 |
TOP OF THE 4TH |
Quincy Doughboys batting - Pitching for Monroe Mallards : RHP Héctor Gonzáles
|
Batting: RHB Domingo Laydón
|
0-0: Called Strike 0-1: Called Strike 0-2: Foul Ball, location: 2F 0-2: Foul Ball, location: 2F 0-2: Ball 1-2: Fly out, F7 (Line Drive, 78M)
|
Batting: RHB Henry Haines
|
0-0: Foul Ball, location: 2F 0-1: Foul Ball, location: 2F 0-2: Strikes out swinging
|
Batting: RHB Jorge Chávez
|
0-0: Ball 1-0: Ball 2-0: Fly out, F7 (Flyball, 7S)
|
Top of the 4th over - 0 run(s), 0 hit(s), 0 error(s), 0 left on base; Quincy 2 - Monroe 0 |
BOTTOM OF THE 4TH |
Monroe Mallards batting - Pitching for Quincy Doughboys : RHP Manuel Castro
|
Batting: RHB Dave Sawyer
|
0-0: Ball 1-0: Foul Ball, location: 2F 1-1: Foul Ball, location: 2F 1-2: Ball 2-2: Foul Ball, location: 2F 2-2: Ball 3-2: Base on Balls
|
Batting: LHB Allen Boyd
|
0-0: Ball 1-0: Foul Ball, location: 2F 1-1: Ball 2-1: SINGLE (Line Drive, 78M) Dave Sawyer to second
|
Batting: RHB Stephen Black
|
0-0: Ball 1-0: Ball 2-0: Fly out, F8 (Flyball, 8RM)
|
Batting: RHB Rafael Crus
|
0-0: Fly out, F8 (Flyball, 78M)
|
Batting: RHB Terry Dalton
|
0-0: SINGLE (Groundball, 56D) Dave Sawyer to third Allen Boyd to second Runner from 3rd tries for Home, SAFE, no throw
|
Batting: SHB Richie Gallegos
|
0-0: Called Strike 0-1: SINGLE (Line Drive, 6M) Allen Boyd to third Terry Dalton to second
|
Batting: LHB Ramón Chávez
|
0-0: Ball 1-0: Ball 2-0: Foul Ball, location: 2F 2-1: Ball 3-1: Foul Ball, location: 2F 3-2: Ground out 3-1 (Groundball, 34)
|
Bottom of the 4th over - 1 run(s), 3 hit(s), 0 error(s), 3 left on base; Quincy 2 - Monroe 1 |
TOP OF THE 5TH |
Quincy Doughboys batting - Pitching for Monroe Mallards : RHP Héctor Gonzáles
|
Batting: RHB Miguel Medina
|
0-0: Ball 1-0: Ground out 5-3 (Groundball, 56S)
|
Batting: LHB Marv Gardner
|
0-0: Ground out 1-3 (Groundball, P)
|
Batting: LHB Alberto Castellanos
|
0-0: Ball 1-0: Fly out, F8 (Flyball, 8LM)
|
Top of the 5th over - 0 run(s), 0 hit(s), 0 error(s), 0 left on base; Quincy 2 - Monroe 1 |
BOTTOM OF THE 5TH |
Monroe Mallards batting - Pitching for Quincy Doughboys : RHP Manuel Castro
|
Batting: RHB Ricardo López
|
0-0: Foul Ball, location: 2F 0-1: Ball 1-1: Called Strike 1-2: Strikes out swinging
|
Batting: RHB Roberto Sánchez
|
0-0: Ball 1-0: Ball 2-0: Ground out U3 (Groundball, 34S)
|
Batting: RHB Dave Sawyer
|
0-0: Fly out, F9 (Line Drive, 9S)
|
Bottom of the 5th over - 0 run(s), 0 hit(s), 0 error(s), 0 left on base; Quincy 2 - Monroe 1 |
TOP OF THE 6TH |
Quincy Doughboys batting - Pitching for Monroe Mallards : RHP Héctor Gonzáles
|
Batting: LHB Seth Sullivan
|
0-0: Ball 1-0: Called Strike 1-1: Ground out 5-3 (Groundball, 56)
|
Batting: RHB Vicente Barajas
|
0-0: Ball 1-0: Swinging Strike 1-1: Fly out, F8 (Flyball, 8RD)
|
Batting: LHB Mario Álvarez
|
0-0: Called Strike 0-1: Ball 1-1: Ground out 4-3 (Groundball, 4)
|
Top of the 6th over - 0 run(s), 0 hit(s), 0 error(s), 0 left on base; Quincy 2 - Monroe 1 |
BOTTOM OF THE 6TH |
Monroe Mallards batting - Pitching for Quincy Doughboys : RHP Manuel Castro
|
Batting: LHB Allen Boyd
|
0-0: Called Strike 0-1: Swinging Strike 0-2: SINGLE (Flyball, 6MD)
|
Batting: RHB Stephen Black
|
0-0: Ball 1-0: Ball 2-0: Ball 3-0: Swinging Strike 3-1: Called Strike 3-2: SINGLE (Flyball, 7S) Allen Boyd to second
|
Pitching: RHP Ramón Alaniz
|
|
Batting: RHB Rafael Crus
|
0-0: Ground out 4-3 (Groundball, 4S) Allen Boyd to third Stephen Black to second
|
Batting: RHB Terry Dalton
|
0-0: Ball 1-0: Called Strike 1-1: Swinging Strike 1-2: Ball 2-2: Strikes out swinging
|
Batting: SHB Richie Gallegos
|
0-0: Called Strike 0-1: Ball 1-1: Ground out 6-3 (Groundball, 6)
|
Bottom of the 6th over - 0 run(s), 2 hit(s), 0 error(s), 2 left on base; Quincy 2 - Monroe 1 |
TOP OF THE 7TH |
Quincy Doughboys batting - Pitching for Monroe Mallards : RHP Héctor Gonzáles
|
Batting: RHB Domingo Laydón
|
0-0: Foul Ball, location: 2F 0-1: Ball 1-1: Ball 2-1: Called Strike 2-2: Ball 3-2: SINGLE (Groundball, 6M) (infield hit)
|
Batting: RHB Henry Haines
|
0-0: Called Strike 0-1: Ball 1-1: Ball 2-1: Ball 3-1: Ground out 5-3 (Groundball, 56S) Domingo Laydón to second
|
Pitching: RHP Juan Villa
|
|
Pinch Hitting: RHB Pedro Sandoval
|
0-0: Called Strike 0-1: Ball 1-1: Ball 2-1: Swinging Strike 2-2: Foul Ball, location: 2F 2-2: Strikes out swinging
|
Batting: RHB Miguel Medina
|
0-0: Called Strike 0-1: Fly out, F9 (Flyball, 9)
|
Top of the 7th over - 0 run(s), 1 hit(s), 0 error(s), 1 left on base; Quincy 2 - Monroe 1 |
BOTTOM OF THE 7TH |
Monroe Mallards batting - Pitching for Quincy Doughboys : RHP Ramón Alaniz
|
Now in RF: Pedro Sandoval
|
|
Batting: LHB Ramón Chávez
|
0-0: Called Strike 0-1: Foul Ball, location: 2F 0-2: Ball 1-2: Fly out, F9 (Flyball, 9LM)
|
Batting: RHB Ricardo López
|
0-0: Called Strike 0-1: Ball 1-1: Ball 2-1: Ground out U3 (Groundball, 34S)
|
Batting: RHB Roberto Sánchez
|
0-0: Ground out 4-3 (Groundball, 4MD)
|
Bottom of the 7th over - 0 run(s), 0 hit(s), 0 error(s), 0 left on base; Quincy 2 - Monroe 1 |
TOP OF THE 8TH |
Quincy Doughboys batting - Pitching for Monroe Mallards : RHP Juan Villa
|
Batting: LHB Marv Gardner
|
0-0: Called Strike 0-1: Called Strike 0-2: Ball 1-2: Ball 2-2: SINGLE (Groundball, 4D)
|
Pinch Runner at 1st Ben Martin:
|
|
Batting: LHB Alberto Castellanos
|
0-0: Swinging Strike 0-1: Foul Ball, location: 2F 0-2: Ball 1-2: Ball 2-2: Strikes out swinging
|
Pinch Hitting: LHB António Gutiérrez
|
0-0: Ball Ben Martin steals 2nd base 1-0: Called Strike 1-1: Ball 2-1: Foul Ball, location: 2F 2-2: Strikes out swinging
|
Pinch Hitting: RHB Wilson Ortíz
|
0-0: Called Strike 0-1: Called Strike 0-2: Ball 1-2: Ball 2-2: Ball 3-2: Strikes out looking
|
Top of the 8th over - 0 run(s), 1 hit(s), 0 error(s), 1 left on base; Quincy 2 - Monroe 1 |
BOTTOM OF THE 8TH |
Monroe Mallards batting - Pitching for Quincy Doughboys : RHP Ramón Alaniz
|
Pitching: RHP Alan O'Higgins
|
|
Now at 1B: Tucker Cooper
|
|
Now at 3B: Júlio Contreras
|
|
Now at SS: Ben Martin
|
|
Batting: RHB Dave Sawyer
|
0-0: Called Strike 0-1: Ball 1-1: Ball 2-1: Fly out, F7 (Flyball, 7)
|
Pitching: LHP Héctor López
|
|
Batting: LHB Allen Boyd
|
0-0: Called Strike 0-1: Ball 1-1: Ball 2-1: Foul Ball, location: 2F 2-2: Ball 3-2: Fly out, F8 (Flyball, 8LS)
|
Pitching: RHP Javier Franco
|
|
Batting: RHB Stephen Black
|
0-0: Swinging Strike 0-1: Foul Ball, location: 2F 0-2: Ball 1-2: Strikes out swinging
|
Bottom of the 8th over - 0 run(s), 0 hit(s), 0 error(s), 0 left on base; Quincy 2 - Monroe 1 |
TOP OF THE 9TH |
Quincy Doughboys batting - Pitching for Monroe Mallards : RHP Juan Villa
|
Batting: LHB Mario Álvarez
|
0-0: Ball 1-0: Fly out, F7 (Flyball, 7LMF)
|
Batting: RHB Domingo Laydón
|
0-0: Called Strike 0-1: Ground out 4-3 (Groundball, 4)
|
Batting: RHB Henry Haines
|
0-0: Called Strike 0-1: SINGLE (Flyball, 6D)
|
Pinch Runner at 1st Henry Rose:
|
|
Batting: RHB Pedro Sandoval
|
0-0: Foul Ball, location: 2F 0-1: Called Strike 0-2: Strikes out swinging
|
Top of the 9th over - 0 run(s), 1 hit(s), 0 error(s), 1 left on base; Quincy 2 - Monroe 1 |
BOTTOM OF THE 9TH |
Monroe Mallards batting - Pitching for Quincy Doughboys : RHP Javier Franco
|
Pitching: LHP Cristo Rodríguez
|
|
Now at C: Pedro Javier
|
|
Batting: RHB Rafael Crus
|
0-0: Ball 1-0: Ball 2-0: Fly out, F9 (Flyball, 89M)
|
Batting: RHB Terry Dalton
|
0-0: Called Strike 0-1: Ball 1-1: Called Strike 1-2: DOUBLE (Groundball, 5L)
|
Batting: SHB Richie Gallegos
|
0-0: Fly out, F9 (Flyball, 9LS)
|
Batting: LHB Ramón Chávez
|
0-0: SINGLE (Flyball, 9S) Terry Dalton to third Runner from 3rd tries for Home, SAFE, no throw
|
Batting: RHB Ricardo López
|
0-0: Ball 1-0: Ball 2-0: Called Strike 2-1: Foul Ball, location: 2F 2-2: Ball 3-2: Foul Ball, location: 2F 3-2: Fly out, F4 (Popup, 3D)
|
Bottom of the 9th over - 1 run(s), 2 hit(s), 0 error(s), 1 left on base; Quincy 2 - Monroe 2 |
TOP OF THE 10TH |
Quincy Doughboys batting - Pitching for Monroe Mallards : RHP Juan Villa
|
Pitching: RHP Ben Simpson
|
|
Batting: RHB Miguel Medina
|
0-0: Called Strike 0-1: Called Strike 0-2: Ball 1-2: Ground out 1-3 (Groundball, 15S)
|
Pinch Hitting: SHB Mike Burke
|
0-0: Swinging Strike 0-1: SINGLE (Line Drive, 89S)
|
Batting: LHB Alberto Castellanos
|
0-0: Called Strike 0-1: Foul Ball, location: 2F 0-2: Ball 1-2: Ball 2-2: Strikes out swinging
|
Pinch Hitting: RHB Marlon Hernández
|
0-0: Ball 1-0: Ball Mike Burke steals 2nd base 2-0: Called Strike 2-1: Swinging Strike 2-2: Ball 3-2: Ground out 5-3 (Groundball, 56S)
|
Top of the 10th over - 0 run(s), 1 hit(s), 0 error(s), 1 left on base; Quincy 2 - Monroe 2 |
BOTTOM OF THE 10TH |
Monroe Mallards batting - Pitching for Quincy Doughboys : LHP Cristo Rodríguez
|
Now at 1B: Marlon Hernández
|
|
Now at 3B: Joel García
|
|
Batting: RHB Roberto Sánchez
|
0-0: Foul Ball, location: 2F 0-1: Ball 1-1: Called Strike 1-2: Strikes out swinging
|
Batting: RHB Dave Sawyer
|
0-0: Called Strike 0-1: Ball 1-1: SINGLE (Groundball, 6MS) (infield hit)
|
Batting: LHB Allen Boyd
|
0-0: Called Strike 0-1: Foul Ball, location: 2F 0-2: Ball 1-2: Ball 2-2: Ball 3-2: Strikes out swinging Dave Sawyer is caught stealing 2nd base Batter strikes out.
|
Bottom of the 10th over - 0 run(s), 1 hit(s), 0 error(s), 0 left on base; Quincy 2 - Monroe 2 |
TOP OF THE 11TH |
Quincy Doughboys batting - Pitching for Monroe Mallards : RHP Ben Simpson
|
Batting: RHB Júlio Contreras
|
0-0: Called Strike 0-1: Fly out, F9 (Flyball, 9LSF)
|
Batting: LHB Mario Álvarez
|
0-0: Ball 1-0: Called Strike 1-1: Called Strike 1-2: Ball 2-2: Ball 3-2: Ground out 4-3 (Groundball, 34)
|
Batting: RHB Domingo Laydón
|
0-0: Ball 1-0: Ground out 3-1 (Groundball, 34S)
|
Top of the 11th over - 0 run(s), 0 hit(s), 0 error(s), 0 left on base; Quincy 2 - Monroe 2 |
BOTTOM OF THE 11TH |
Monroe Mallards batting - Pitching for Quincy Doughboys : LHP Cristo Rodríguez
|
Batting: RHB Stephen Black
|
0-0: SINGLE (Flyball, 8LS)
|
Batting: RHB Rafael Crus
|
0-0: Ball Stephen Black is caught stealing 2nd base 1-0: Called Strike 1-1: Ground out 6-3 (Groundball, 6)
|
Batting: RHB Terry Dalton
|
0-0: Called Strike 0-1: Ball 1-1: Ball 2-1: Called Strike 2-2: Ball 3-2: Foul Ball, location: 2F 3-2: Fly out, F8 (Line Drive, 8LM)
|
Bottom of the 11th over - 0 run(s), 1 hit(s), 0 error(s), 0 left on base; Quincy 2 - Monroe 2 |
TOP OF THE 12TH |
Quincy Doughboys batting - Pitching for Monroe Mallards : RHP Ben Simpson
|
Batting: RHB Pedro Javier
|
0-0: Ball 1-0: Called Strike 1-1: Ground out 4-3 (Groundball, 34)
|
Batting: RHB Pedro Sandoval
|
0-0: Foul Ball, location: 2F 0-1: Ball 1-1: Reached on error, E5 (Groundball, 5)
|
Batting: RHB Miguel Medina
|
0-0: Called Strike 0-1: Ball 1-1: Foul Ball, location: 2F 1-2: Foul Ball, location: 2F 1-2: SINGLE (Line Drive, 8LS) Pedro Sandoval to second
|
Pinch Runner at 2nd Keith Gamble:
|
|
Batting: RHB Joel García
|
0-0: Swinging Strike 0-1: Ball 1-1: Called Strike 1-2: Foul Ball, location: 2F 1-2: Strikes out swinging
|
Batting: LHB Alberto Castellanos
|
0-0: Ball 1-0: Called Strike 1-1: Swinging Strike 1-2: Strikes out swinging
|
Top of the 12th over - 0 run(s), 1 hit(s), 1 error(s), 2 left on base; Quincy 2 - Monroe 2 |
BOTTOM OF THE 12TH |
Monroe Mallards batting - Pitching for Quincy Doughboys : LHP Cristo Rodríguez
|
Now in CF: Keith Gamble
|
|
Batting: SHB Richie Gallegos
|
0-0: Ball 1-0: Fly out, F7 (Flyball, 7)
|
Batting: LHB Ramón Chávez
|
0-0: Ball 1-0: Ball 2-0: Called Strike 2-1: Foul Ball, location: 2F 2-2: Foul Ball, location: 2F 2-2: Fly out, F3 (Popup, 3L)
|
Batting: RHB Ricardo López
|
0-0: Ball 1-0: Called Strike 1-1: Ball 2-1: Called Strike 2-2: Foul Ball, location: 2F 2-2: Foul Ball, location: 2F 2-2: SOLO HOME RUN (Flyball, 78XD), Distance : 406 ft
|
Thursday, March 30th, 2017 - OOTP Baseball 17.12 Build 75
|
|